[Event "ICC tourney 3320 (40 10)"]
[Site "Internet Chess Club"]
[Date "2023.11.11"]
[Round "1"]
[White "GAW, CHRISTIAN:cman-g"]
[Black "DELABRE, TONY:tdelabre62"]
[Result "1-0"]
[ICCResult "Black checkmated"]
[WhiteElo "1091"]
[BlackElo "1340"]
[Opening "Petrov: Cozio (Lasker) attack"]
[ECO "C42"]
[NIC "RG.03"]
[Time "11:00:14"]
[PlyCount "123"]
[TimeControl "2400+10"]

1. e4 e5 2. Nf3 Nf6 3. Nxe5 d6 4. Nf3 Nxe4 5. Qe2 Qe7 6. d3 Nf6 7. Qxe7+
Bxe7 8. Be2 O-O 9. O-O c5 10. Nc3 a6 11. Ne4 h6 12. Bf4 d5 13. Nxf6+ Bxf6
14. Be5 Nd7 15. Bxf6 Nxf6 16. Rfe1 Bf5 17. h3 Rfe8 18. Rac1 d4 19. Nh2 b5
20. Bf3 Rxe1+ 21. Rxe1 Re8 22. Rxe8+ Nxe8 23. Kf1 c4 24. Ke2 g5 25. Bg4 Bg6
26. Nf3 f5 27. Ne5 Bh7 28. Bf3 Nd6 29. dxc4 bxc4 30. Bd5+ Kg7 31. Nxc4 Ne4
32. Bb7 Nc5 33. Bd5 Kf6 34. Nb6 Ke5 35. b4 Ne4 36. Bxe4 fxe4 37. Nd7+ Kd5
38. Nf6+ Kc4 39. Nxh7 Kxb4 40. Nf6 d3+ 41. cxd3 exd3+ 42. Kxd3 Ka3 43. Nd5
a5 44. Nc3 a4 45. Nxa4 Kxa4 46. Ke4 Ka3 47. Kf5 Kxa2 48. Kg6 Kb3 49. Kxh6
Kc4 50. Kxg5 Kd5 51. h4 Ke6 52. Kg6 Ke7 53. Kg7 Ke6 54. h5 Kf5 55. h6 Kg5
56. h7 Kf5 57. h8=Q Ke4 58. Qe8+ Kf4 59. Qf7+ Kg4 60. Qe6+ Kh5 61. Qf5+ Kh4
62. g3# {Black checkmated} 1-0

[Event "ICC tourney 3320 (40 10)"]
[Site "Internet Chess Club"]
[Date "2023.11.11"]
[Round "1"]
[White "Ryerson, Olivia:oliviaryerson"]
[Black "Chiappetta, Graydon:loopy"]
[Result "1-0"]
[ICCResult "Black checkmated"]
[WhiteElo "1330"]
[BlackElo "796"]
[Opening "Queen's pawn, Mason variation"]
[ECO "D00"]
[NIC "QP.08"]
[Time "11:00:08"]
[PlyCount "123"]
[TimeControl "2400+10"]

1. d4 d5 2. Bf4 e6 3. e3 Be7 4. Nf3 Nf6 5. Be2 O-O 6. Nbd2 c6 7. c3 b5 8.
Ne5 Bb7 9. Ng4 Nbd7 10. g3 a5 11. h4 Ne4 12. Nxe4 dxe4 13. h5 Bg5 14. Bxg5
Qxg5 15. h6 g6 16. f4 exf3 17. Bxf3 f5 18. Ne5 Qxe3+ 19. Qe2 Qxe2+ 20. Kxe2
Nxe5 21. dxe5 f4 22. g4 Rac8 23. Rad1 Rcd8 24. Rd6 Rxd6 25. exd6 Rd8 26. Rd1
Kf7 27. g5 e5 28. b3 Ke6 29. Bg4+ Kf7 30. c4 bxc4 31. bxc4 Ba6 32. Kf3 Bxc4
33. Ke4 Bxa2 34. Kxe5 Re8+ 35. Kxf4 Rd8 36. Bf3 Bb3 37. Rd2 Ke6 38. Bg4+ Kf7
39. Bf3 Ke6 40. Bg4+ Kf7 41. d7 Be6 42. Rf2 Ke7 43. Re2 Rf8+ 44. Kg3 Kxd7
45. Rxe6 Kc7 46. Re7+ Kb6 47. Rxh7 Rd8 48. Rd7 Rh8 49. Kf4 Kc5 50. Ke5 a4
51. Ra7 Re8+ 52. Kf6 Re4 53. h7 Rxg4 54. h8=Q a3 55. Qf8+ Kb5 56. Rb7+ Kc4
57. Qb4+ Kd3 58. Rd7+ Kc2 59. Rd2+ Kc1 60. Qc3+ Kb1 61. Qc2+ Ka1 62. Qa2#
{Black checkmated}
1-0

[Event "ICC tourney 3320 (40 10)"]
[Site "Internet Chess Club"]
[Date "2023.11.11"]
[Round "1"]
[White "ANGELCHIK, JACOB:t105mm"]
[Black "DIXIT, RAAJAS KUNAL:raadix028"]
[Result "1-0"]
[ICCResult "Black checkmated"]
[WhiteElo "1209"]
[BlackElo "1365"]
[Opening "Réti opening"]
[ECO "A05"]
[NIC "QP.11"]
[Time "11:00:05"]
[PlyCount "135"]
[TimeControl "2400+10"]

1. Nf3 Nf6 2. g3 b6 3. d4 Bb7 4. Bg2 e6 5. O-O d5 6. Nc3 c5 7. Bf4 Bd6 8.
Ne5 cxd4 9. Qxd4 h6 10. Qa4+ Kf8 11. Rad1 Qe7 12. Nb5 Ne8 13. c4 g5 14. Nxd6
Nxd6 15. Bd2 Na6 16. cxd5 Nc5 17. Qd4 Nf5 18. Ng6+ fxg6 19. Qxh8+ Kf7 20.
Qh7+ Ke8 21. Qxg6+ Qf7 22. Qxf7+ Kxf7 23. dxe6+ Kxe6 24. Bxb7 Nxb7 25. Bc3
Nc5 26. e4 Nd6 27. Rfe1 Na4 28. e5 Nf5 29. g4 Nh4 30. Rd6+ Ke7 31. Re3 Rc8
32. Rxh6 Rd8 33. Bb4+ Kf7 34. Rd6 Rc8 35. e6+ Ke8 36. h3 Nxb2 37. Rc3 Rxc3
38. Bxc3 Nc4 39. Rd7 Nf3+ 40. Kg2 Nfe5 41. Rxa7 Nc6 42. Rg7 N4e5 43. Rxg5
Nc4 44. Bf6 Ne7 45. Rh5 Ng8 46. Rh8 Kf8 47. e7+ Kf7 48. Rxg8 Nd6 49. e8=Q+
Nxe8 50. Rxe8 Kxe8 51. Bd4 b5 52. f4 Ke7 53. Kf3 Ke6 54. Ke4 Kd6 55. g5 Ke6
56. g6 b4 57. g7 Kf7 58. h4 Kg8 59. h5 Kf7 60. h6 Kg8 61. f5 Kh7 62. f6 Kg8
63. h7+ Kxh7 64. f7 b3 65. g8=Q+ Kh6 66. f8=Q+ Kh5 67. Qf5+ Kh4 68. Qgg4#
{Black checkmated}
1-0

[Event "ICC tourney 3320 (40 10)"]
[Site "Internet Chess Club"]
[Date "2023.11.11"]
[Round "1"]
[White "Whiteside, Oren:NotOwen"]
[Black "GAW, ZACHARY:zman-g"]
[Result "1/2-1/2"]
[ICCResult "Game drawn by repetition"]
[WhiteElo "1350"]
[BlackElo "1148"]
[Opening "Scotch: Potter variation"]
[ECO "C45"]
[NIC "SO.05"]
[Time "11:00:08"]
[PlyCount "74"]
[TimeControl "2400+10"]

1. e4 e5 2. Nf3 Nc6 3. d4 exd4 4. Nxd4 Bc5 5. Nb3 Bb6 6. Be2 Nf6 7. Nc3 d6
8. O-O O-O 9. Bg5 h6 10. Bh4 Be6 11. Qd2 Nxe4 12. Nxe4 Qxh4 13. Bf3 Ne5 14.
Ng3 Nxf3+ 15. gxf3 Bxb3 16. axb3 Rfe8 17. Kh1 Re6 18. Rg1 Qh3 19. Rg2 Rae8
20. Rag1 Rg6 21. c4 Ree6 22. Qc2 Ref6 23. Qe2 Qe6 24. Qd3 Qe5 25. Ne4 Re6
26. Ng3 Qxb2 27. f4 Ref6 28. Nh5 Re6 29. Rxg6 Rxg6 30. Rxg6 fxg6 31. Qxg6
Bxf2 32. Qe8+ Kh7 33. Qe4+ Kh8 34. Qe8+ Kh7 35. Qe4+ Kh8 36. Qe8+ Kh7 37.
Qe4+ Kh8 {Game drawn by repetition} 1/2-1/2

[Event "ICC tourney 3320 (40 10)"]
[Site "Internet Chess Club"]
[Date "2023.11.11"]
[Round "1"]
[White "Bronshtein, Marc:MarcBronshtein"]
[Black "ANGEL, BORYS:BArkadia"]
[Result "0-1"]
[ICCResult "White checkmated"]
[WhiteElo "1484"]
[BlackElo "1301"]
[Opening "King's Indian: Gligoric-Taimanov system"]
[ECO "E92"]
[NIC "KI.18"]
[Time "11:00:12"]
[PlyCount "134"]
[TimeControl "2400+10"]

1. d4 Nf6 2. c4 g6 3. Nc3 Bg7 4. e4 d6 5. Nf3 O-O 6. Be2 e5 7. Be3 Nh5 8.
Qd2 Nd7 9. Ng1 Nf4 10. Bf3 exd4 11. Bxd4 Ne5 12. Bxe5 Bxe5 13. Nge2 f5 14.
exf5 Nxe2 15. Nxe2 Bxf5 16. O-O c6 17. Rfe1 Be6 18. Rac1 Qf6 19. b3 Rae8 20.
Rcd1 g5 21. Qe3 g4 22. Be4 d5 23. cxd5 cxd5 24. Bd3 d4 25. Qe4 Qxf2+ 26. Kh1
Bf5 27. Qd5+ Kh8 28. Rf1 Qh4 29. g3 Qh5 30. Bxf5 Rxf5 31. Nf4 Bxf4 32. Qxd4+
Be5 33. Qd3 Rxf1+ 34. Rxf1 Qh6 35. Qe4 Qc6 36. Qxc6 bxc6 37. Rf7 Bd4 38. Kg2
Re2+ 39. Kf1 Rxa2 40. Rd7 Bb6 41. Rd6 Rxh2 42. Rxc6 Rb2 43. Rc4 Rxb3 44.
Rxg4 a5 45. Ke2 Bc5 46. Kd2 Bb4+ 47. Kc2 Rf3 48. Kb2 Rf2+ 49. Kb3 Rf7 50.
Kc4 Rg7 51. Rxg7 Kxg7 52. Kb3 Kg6 53. Ka4 Kg5 54. Kb3 Kg4 55. Kc4 Kxg3 56.
Kd3 h5 57. Ke3 h4 58. Kd4 h3 59. Kc4 h2 60. Kb3 h1=Q 61. Ka4 Qa1+ 62. Kb5 a4
63. Ka6 a3 64. Ka7 a2 65. Kb8 Qg7 66. Kc8 a1=Q 67. Kd8 Qa8# {White
checkmated} 0-1

[Event "ICC tourney 3320 (40 10)"]
[Site "Internet Chess Club"]
[Date "2023.11.11"]
[Round "2"]
[White "DELABRE, TONY:tdelabre62"]
[Black "Bronshtein, Marc:MarcBronshtein"]
[Result "0-1"]
[ICCResult "White checkmated"]
[WhiteElo "1340"]
[BlackElo "1484"]
[Opening "French: advance, Milner-Barry gambit"]
[ECO "C02"]
[NIC "FR.03"]
[Time "13:22:24"]
[PlyCount "96"]
[TimeControl "2400+10"]

1. e4 e6 2. d4 d5 3. e5 c5 4. c3 Qb6 5. Nf3 Nc6 6. Bd3 Bd7 7. O-O cxd4 8.
cxd4 Nxd4 9. Nbd2 Bc5 10. Nxd4 Bxd4 11. Qg4 Bxe5 12. Nb3 Ne7 13. Re1 h5 14.
Qg5 Bf6 15. Qg3 Nc6 16. Be3 h4 17. Qf3 Qd8 18. Bf4 e5 19. Qxd5 Be6 20. Qxd8+
Rxd8 21. Bxe5 Nxe5 22. Bb5+ Bd7 23. Bxd7+ Kxd7 24. Red1+ Kc7 25. Rac1+ Kb6
26. Nd4 Rxd4 27. Rxd4 Nf3+ 28. gxf3 Bxd4 29. Rc2 Re8 30. Kg2 Re6 31. Kh3 Bf6
32. Kg4 Rc6 33. Rd2 Rc4+ 34. f4 Rd4 35. Re2 g5 36. f3 Rxf4+ 37. Kh3 Rxf3+
38. Kg4 Rf4+ 39. Kh3 Kc5 40. Rc2+ Rc4 41. Rf2 Rf4 42. Rc2+ Kd5 43. Rc7 g4+
44. Kg2 Bd4 45. h3 Rf2+ 46. Kh1 Rf1+ 47. Kg2 Rg1+ 48. Kh2 g3# {White
checkmated} 0-1

[Event "ICC tourney 3320 (40 10)"]
[Site "Internet Chess Club"]
[Date "2023.11.11"]
[Round "2"]
[White "DIXIT, RAAJAS KUNAL:raadix028"]
[Black "Chiappetta, Graydon:loopy"]
[Result "1-0"]
[ICCResult "Black checkmated"]
[WhiteElo "1365"]
[BlackElo "796"]
[Opening "Hungarian defense"]
[ECO "C50"]
[NIC "IG.03"]
[Time "13:22:08"]
[PlyCount "101"]
[TimeControl "2400+10"]

1. e4 e5 2. Nf3 Nc6 3. Bc4 Be7 4. c3 Nf6 5. d3 O-O 6. O-O d6 7. Bb3 a5 8.
Nbd2 b5 9. Re1 b4 10. Nf1 Bd7 11. Ng3 Rb8 12. d4 exd4 13. cxd4 Bg4 14. Be3
Qd7 15. Ba4 g6 16. Rc1 Bxf3 17. gxf3 Qh3 18. Bxc6 h5 19. Qe2 Qc8 20. Bh6 Rd8
21. e5 dxe5 22. Qxe5 Qe6 23. Qxc7 Bd6 24. Rxe6 Bxc7 25. Rxf6 Rxd4 26. Be4
Be5 27. Rfc6 Kh7 28. Be3 Rd7 29. Nxh5 Bxh2+ 30. Kxh2 Re7 31. Nf6+ Kg7 32.
Ng4 Rh8+ 33. Kg2 a4 34. Bd4+ f6 35. Bxf6+ Kf7 36. Bxh8 a3 37. Bd5+ Ke8 38.
Rc8+ Kd7 39. R1c7+ Kd6 40. Rxe7 axb2 41. Bxb2 Kxe7 42. Rb8 g5 43. Bf6+ Kd6
44. Rd8+ Kc5 45. Be7+ Kb5 46. Rb8+ Ka4 47. Bb3+ Ka3 48. Ra8+ Kb2 49. Bf6+
Kb1 50. Rd8 Kc1 51. Rd1# {Black checkmated} 1-0

[Event "ICC tourney 3320 (40 10)"]
[Site "Internet Chess Club"]
[Date "2023.11.11"]
[Round "2"]
[White "VELVADAPU, RENESH SRI:velvadapur"]
[Black "Whiteside, Oren:NotOwen"]
[Result "0-1"]
[ICCResult "White checkmated"]
[WhiteElo "512"]
[BlackElo "1350"]
[Opening "Scandinavian (center counter) defense"]
[ECO "B01"]
[NIC "VO.17"]
[Time "13:22:12"]
[PlyCount "52"]
[TimeControl "2400+10"]

1. e4 d5 2. Nc3 d4 3. Nb1 e5 4. c3 c5 5. d3 Nf6 6. f4 Bd6 7. Nf3 Nc6 8. Qa4
O-O 9. Nbd2 exf4 10. cxd4 cxd4 11. Nc4 Re8 12. Qb3 Ng4 13. h3 Ne3 14. h4 a6
15. Ng5 Bb4+ 16. Bd2 Bxd2+ 17. Kxd2 Na5 18. Nxa5 Qxa5+ 19. Ke2 Bg4+ 20. Kf2
Qc7 21. Be2 h6 22. Rac1 Qd7 23. Bxg4 Nxg4+ 24. Kf3 hxg5 25. hxg5 Ne5+ 26.
Kxf4 Qg4# {White checkmated} 0-1

[Event "ICC tourney 3320 (40 10)"]
[Site "Internet Chess Club"]
[Date "2023.11.11"]
[Round "2"]
[White "ANGEL, BORYS:BArkadia"]
[Black "GAW, CHRISTIAN:cman-g"]
[Result "1-0"]
[ICCResult "Black checkmated"]
[WhiteElo "1301"]
[BlackElo "1091"]
[Opening "Giuoco Pianissimo"]
[ECO "C50"]
[NIC "IG.02"]
[Time "13:22:14"]
[PlyCount "103"]
[TimeControl "2400+10"]

1. e4 e5 2. Nf3 Nc6 3. Bc4 Bc5 4. d3 Nf6 5. c3 a5 6. O-O O-O 7. d4 exd4 8.
cxd4 Bb6 9. e5 d5 10. Bg5 dxc4 11. exf6 Qd6 12. fxg7 Re8 13. d5 Ne7 14. Nc3
Nf5 15. Qc2 Nxg7 16. Ne4 Bf5 17. Nxd6 Bxc2 18. Nxe8 Rxe8 19. Rfe1 Rf8 20.
Rac1 Bd3 21. Ne5 f6 22. Nxd3 cxd3 23. Be3 Re8 24. Bxb6 cxb6 25. Rxe8+ Nxe8
26. Rd1 Kf7 27. Rxd3 Nd6 28. Rc3 Nb5 29. Rc4 Ke7 30. a4 Nd6 31. Rc7+ Kd8 32.
Rxh7 f5 33. Kf1 Ke8 34. Ke2 Nc4 35. Rxb7 Nxb2 36. Rxb6 Nxa4 37. Ra6 Nc3+ 38.
Kd3 Nxd5 39. Rxa5 Ne7 40. Ke3 Kf7 41. Ra6 Kg7 42. Kf4 Kf7 43. Ke5 Ke8 44.
Ke6 Kf8 45. Ra8+ Kg7 46. Ra7 Kg6 47. Rxe7 Kh6 48. Kf6 f4 49. Re8 Kh7 50. h4
f3 51. gxf3 Kh6 52. Rh8# {Black checkmated} 1-0

[Event "ICC tourney 3320 (40 10)"]
[Site "Internet Chess Club"]
[Date "2023.11.11"]
[Round "2"]
[White "ANGELCHIK, JACOB:t105mm"]
[Black "Ryerson, Olivia:oliviaryerson"]
[Result "1-0"]
[ICCResult "Black checkmated"]
[WhiteElo "1209"]
[BlackElo "1330"]
[Opening "Trompowsky attack (Ruth, Opocenský opening)"]
[ECO "A45"]
[NIC "QP.07"]
[Time "13:22:22"]
[PlyCount "87"]
[TimeControl "2400+10"]

1. d4 Nf6 2. Bg5 e6 3. e4 h6 4. Bxf6 Qxf6 5. Nc3 Bb4 6. Nf3 d5 7. a3 Bxc3+
8. bxc3 O-O 9. e5 Qe7 10. c4 c5 11. cxd5 exd5 12. c3 Nc6 13. Bb5 Bg4 14.
Bxc6 bxc6 15. h3 Bh5 16. Qd3 Bg6 17. Qe3 cxd4 18. cxd4 Rfe8 19. O-O Rab8 20.
Ra2 Rb7 21. Nd2 Reb8 22. f4 f6 23. f5 Be8 24. Rf3 fxe5 25. dxe5 c5 26. Rg3
d4 27. Qf4 Qf7 28. e6 Qc7 29. Qh4 g5 30. Ne4 Rb1+ 31. Kh2 R8b3 32. Nf6+ Kf8
33. Qxh6+ Ke7 34. Nd5+ Kd8 35. Nxc7 Kxc7 36. Qxg5 Rxg3 37. Qxg3+ Kd8 38.
Qd6+ Kc8 39. Qxc5+ Kb8 40. Qxd4 Kc8 41. Rc2+ Kb8 42. Qd8+ Kb7 43. Qxe8 Rb6
44. Qc8# {Black checkmated} 1-0

[Event "ICC tourney 3320 (40 10)"]
[Site "Internet Chess Club"]
[Date "2023.11.11"]
[Round "2"]
[White "GAW, ZACHARY:zman-g"]
[Black "Romanyuk, Nikita:NikitaR"]
[Result "1-0"]
[ICCResult "Black resigns"]
[WhiteElo "1148"]
[BlackElo "1083"]
[Opening "French: advance, Paulsen attack"]
[ECO "C02"]
[NIC "FR.03"]
[Time "13:22:10"]
[PlyCount "203"]
[TimeControl "2400+10"]

1. e4 e6 2. d4 d5 3. e5 c5 4. c3 Nc6 5. Nf3 c4 6. Be2 Nge7 7. Nbd2 Nf5 8.
Nf1 h6 9. Ne3 g6 10. Nxf5 gxf5 11. Bf4 Ne7 12. Qc2 Ng6 13. Bd2 Bd7 14. b3 b5
15. bxc4 bxc4 16. Rb1 Rb8 17. Rxb8 Qxb8 18. O-O Be7 19. Rb1 Qc7 20. Qb2 O-O
21. Qb7 Rc8 22. Qxc7 Rxc7 23. Rb8+ Kg7 24. g3 Ba3 25. Rb1 Ba4 26. Bd1 Bxd1
27. Rxd1 Rb7 28. Ne1 Rb2 29. Bc1 Rxa2 30. Bxa3 Rxa3 31. Rc1 Ne7 32. Kf1 f6
33. exf6+ Kxf6 34. Ke2 Nc6 35. Nf3 a5 36. Kd2 a4 37. Kc2 Na5 38. Kb2 Rb3+
39. Ka2 Rb8 40. Ka3 Nb3 41. Rb1 Ra8 42. Rb2 Ra6 43. Kb4 Nc1 44. Rc2 Nd3+ 45.
Kb5 Ra8 46. Ra2 a3 47. Ng1 Rb8+ 48. Ka4 Rb3 49. f4 Rxc3 50. Rxa3 Rxa3+ 51.
Kxa3 Kg6 52. h3 h5 53. h4 Nf2 54. Ne2 Ne4 55. Kb2 Kf7 56. Ka3 Ke7 57. Kb4
Kd7 58. Ka4 Kc6 59. Kb4 Kb6 60. Ka4 Nf2 61. Kb4 Nd3+ 62. Ka4 Ka6 63. Ng1 Kb6
64. Ne2 Kc6 65. Ng1 Nc1 66. Kb4 Kb6 67. Ka4 c3 68. Kb4 c2 69. Kc3 Kb5 70.
Kxc2 Na2 71. Kb3 Nb4 72. Ne2 Nd3 73. Nc3+ Ka5 74. Ne2 Nb4 75. Kc3 Ka4 76.
Nc1 Nc6 77. Nb3 Nd8 78. Nc5+ Kb5 79. Nd7 Nf7 80. Nf6 Nd6 81. Nxh5 Ne8 82.
Kb3 Ka5 83. Kc3 Kb5 84. Kd3 Kb4 85. Ke3 Kc3 86. g4 fxg4 87. Ng3 Nf6 88. h5
Kc2 89. h6 Kc3 90. f5 exf5 91. Nxf5 Kc4 92. Kf4 Kc3 93. Kg5 g3 94. Nxg3 Nh7+
95. Kg6 Nf8+ 96. Kf7 Nh7 97. Kg7 Ng5 98. Nf5 Kc4 99. Kf6 Nh7+ 100. Ke5 Ng5
101. Nd6+ Kd3 102. Kxd5 {Black resigns} 1-0

[Event "ICC tourney 3320 (40 10)"]
[Site "Internet Chess Club"]
[Date "2023.11.11"]
[Round "3"]
[White "Romanyuk, Nikita:NikitaR"]
[Black "VELVADAPU, RENESH SRI:velvadapur"]
[Result "1-0"]
[ICCResult "Black checkmated"]
[WhiteElo "1083"]
[BlackElo "512"]
[Opening "Scotch opening"]
[ECO "C44"]
[NIC "KP.10"]
[Time "15:30:21"]
[PlyCount "111"]
[TimeControl "2400+10"]

1. e4 e5 2. Nf3 Nc6 3. d4 d6 4. dxe5 dxe5 5. Qxd8+ Kxd8 6. Nc3 Nf6 7. Bg5
Be7 8. O-O-O+ Bd7 9. Bc4 h6 10. Bxf6 Bxf6 11. Bxf7 Rf8 12. Be6 Nd4 13. Bxd7
Kxd7 14. Nxd4 exd4 15. Ne2 Rad8 16. Nxd4 Bxd4 17. Rxd4+ Kc8 18. Rxd8+ Rxd8
19. Rd1 Re8 20. f3 Re5 21. Rd5 Re6 22. Kd2 c6 23. Rf5 g6 24. Rf8+ Kc7 25.
Ke3 Re5 26. Rf6 Ra5 27. a3 Rc5 28. Kd3 Rg5 29. g3 Rb5 30. b3 Ra5 31. a4 b5
32. axb5 cxb5 33. Rxg6 Ra1 34. Kd2 Rh1 35. Rxh6 Rg1 36. e5 Rg2+ 37. Kd3 Rf2
38. f4 Rf3+ 39. Ke2 Rc3 40. Kd2 Rc5 41. e6 Rc6 42. e7 Rxh6 43. e8=Q Rxh2+
44. Kc3 Rh3 45. Qf7+ Kb6 46. Qe6+ Ka5 47. Qxh3 b4+ 48. Kc4 a6 49. Qf5+ Kb6
50. Qc5+ Kb7 51. Qd6 Ka7 52. Qc7+ Ka8 53. Qf7 a5 54. Kc5 a4 55. Kb6 Kb8 56.
Qb7# {Black checkmated} 1-0

[Event "ICC tourney 3320 (40 10)"]
[Site "Internet Chess Club"]
[Date "2023.11.11"]
[Round "3"]
[White "Chiappetta, Graydon:loopy"]
[Black "DELABRE, TONY:tdelabre62"]
[Result "0-1"]
[ICCResult "White checkmated"]
[WhiteElo "796"]
[BlackElo "1340"]
[Opening "Petrov three knights game"]
[ECO "C42"]
[NIC "RG.01"]
[Time "15:30:22"]
[PlyCount "126"]
[TimeControl "2400+10"]

1. e4 e5 2. Nf3 Nf6 3. Nc3 Bb4 4. d3 O-O 5. Nxe5 Re8 6. Nf3 d5 7. Be2 dxe4
8. Ng5 exd3 9. cxd3 Bf5 10. O-O Bxc3 11. bxc3 Bxd3 12. Bxd3 Nc6 13. Qc2 g6
14. Bb2 Nd5 15. Ne4 Nf4 16. Rfd1 Qe7 17. c4 Ne5 18. Bxe5 Nxd3 19. Qxd3 Qxe5
20. Re1 Rad8 21. Qf3 f5 22. Qc3 fxe4 23. Qb3 b6 24. g3 Rd3 25. Qa4 a5 26.
Rad1 e3 27. Qc2 Rxd1 28. Rxd1 exf2+ 29. Qxf2 Qe6 30. Rc1 Rf8 31. Qd2 Qe7 32.
Qd5+ Qf7 33. Rf1 Qxd5 34. cxd5 Rxf1+ 35. Kxf1 Kf7 36. Ke2 Kf6 37. Kd3 Ke5
38. Kc4 h5 39. a4 g5 40. h3 g4 41. hxg4 hxg4 42. Kb5 Kxd5 43. Ka6 Kc6 44.
Ka7 b5 45. axb5+ Kxb5 46. Kb7 c5 47. Kc7 c4 48. Kd6 c3 49. Ke5 c2 50. Kf4
c1=Q+ 51. Kxg4 a4 52. Kh4 a3 53. g4 a2 54. g5 Qxg5+ 55. Kxg5 a1=Q 56. Kg6
Qe5 57. Kf7 Qd6 58. Kg8 Qe7 59. Kh8 Kc5 60. Kg8 Kd6 61. Kh8 Ke6 62. Kg8 Kf6
63. Kh8 Qg7# {White checkmated} 0-1

[Event "ICC tourney 3320 (40 10)"]
[Site "Internet Chess Club"]
[Date "2023.11.11"]
[Round "3"]
[White "ANGEL, BORYS:BArkadia"]
[Black "ANGELCHIK, JACOB:t105mm"]
[Result "1-0"]
[ICCResult "Black resigns"]
[WhiteElo "1301"]
[BlackElo "1209"]
[Opening "Pirc: Ufimtsev-Pytel variation"]
[ECO "B07"]
[NIC "PU.08"]
[Time "15:32:45"]
[PlyCount "65"]
[TimeControl "2400+10"]

1. e4 d6 2. d4 Nf6 3. Nc3 c6 4. f4 Bg4 5. Be2 Bxe2 6. Ngxe2 Nbd7 7. Be3 g6
8. O-O Bg7 9. e5 dxe5 10. fxe5 Nd5 11. Nxd5 cxd5 12. Nf4 e6 13. Qf3 O-O 14.
Qg3 Rc8 15. c3 Qb6 16. Rab1 Rc6 17. Nh5 Qd8 18. Nxg7 Kxg7 19. Qh3 h5 20. Rf3
Qb6 21. Rg3 Rh8 22. Qh4 Rxc3 23. Rxg6+ Kxg6 24. Qg5+ Kh7 25. Rf1 Nxe5 26.
bxc3 f6 27. Rxf6 Qb1+ 28. Bc1 Ng6 29. Qh6+ Kg8 30. Rxg6+ Qxg6 31. Qxg6+ Kf8
32. Qf6+ Kg8 33. Bh6 {Black resigns} 1-0

[Event "ICC tourney 3320 (40 10)"]
[Site "Internet Chess Club"]
[Date "2023.11.11"]
[Round "3"]
[White "GAW, CHRISTIAN:cman-g"]
[Black "DIXIT, RAAJAS KUNAL:raadix028"]
[Result "0-1"]
[ICCResult "White checkmated"]
[WhiteElo "1091"]
[BlackElo "1365"]
[Opening "Sicilian: dragon variation"]
[ECO "B70"]
[NIC "SI.15"]
[Time "15:30:19"]
[PlyCount "100"]
[TimeControl "2400+10"]

1. e4 c5 2. Nf3 d6 3. d4 cxd4 4. Nxd4 Nf6 5. Nc3 g6 6. Bc4 Bg7 7. Be3 O-O 8.
O-O Nc6 9. Nxc6 bxc6 10. Qd2 Ng4 11. h3 Nxe3 12. fxe3 Rb8 13. Rab1 Qa5 14.
Qf2 Be6 15. Bxe6 fxe6 16. Qd2 Bh6 17. Rxf8+ Rxf8 18. Rf1 Rxf1+ 19. Kxf1 Bg7
20. a3 Bxc3 21. Qxc3 Qxc3 22. bxc3 Kf7 23. Ke2 Kf6 24. Kf3 Ke5 25. c4 c5 26.
g3 h6 27. h4 d5 28. exd5 exd5 29. cxd5 Kxd5 30. c3 Kc4 31. e4 Kxc3 32. Ke3
Kb3 33. Kd2 c4 34. Kc1 c3 35. e5 Kxa3 36. Kc2 Kb4 37. e6 a5 38. g4 a4 39.
Kb1 Kb3 40. Kc1 c2 41. g5 h5 42. Kd2 Kb2 43. Kd3 c1=Q 44. Ke2 Qc3 45. Kd1 a3
46. Ke2 a2 47. Kf2 a1=Q 48. Kg2 Qd2+ 49. Kf3 Qa3+ 50. Ke4 Qae3#
{White checkmated}
0-1

[Event "ICC tourney 3320 (40 10)"]
[Site "Internet Chess Club"]
[Date "2023.11.11"]
[Round "3"]
[White "Ryerson, Olivia:oliviaryerson"]
[Black "GAW, ZACHARY:zman-g"]
[Result "0-1"]
[ICCResult "White checkmated"]
[WhiteElo "1330"]
[BlackElo "1148"]
[Opening "Queen's pawn, Mason variation"]
[ECO "D00"]
[NIC "QP.08"]
[Time "15:30:41"]
[PlyCount "106"]
[TimeControl "2400+10"]

1. d4 d5 2. Bf4 Nf6 3. e3 Bf5 4. Nf3 e6 5. Be2 Bd6 6. Ne5 Nbd7 7. g4 Bg6 8.
h4 h6 9. Nxg6 fxg6 10. Qd3 Bxf4 11. Qxg6+ Kf8 12. exf4 Qe7 13. g5 Qb4+ 14.
Nd2 Ne4 15. Rd1 Nxd2 16. Rxd2 Qxb2 17. Bh5 Qb1+ 18. Rd1 Qb4+ 19. Rd2 Qb1+
20. Ke2 Qb5+ 21. Rd3 Ke7 22. Qxg7+ Kd6 23. Bg4 Qc4 24. Kd2 Qb4+ 25. Rc3 Rag8
26. Qf7 Qxd4+ 27. Ke2 Qxc3 28. Qxe6+ Kc5 29. Qxd7 Re8+ 30. Be6 Qc4+ 31. Kd2
Qd4+ 32. Kc1 Qa1+ 33. Kd2 Qd4+ 34. Kc1 Qxf4+ 35. Kd1 Qf3+ 36. Kd2 Qxf2+ 37.
Kd1 Qf3+ 38. Kd2 Rxe6 39. Qxc7+ Rc6 40. Qa5+ Kd6 41. Qb4+ Rc5 42. Re1 Qf2+
43. Re2 Qf1 44. c3 a5 45. Qxb7 Qf4+ 46. Kc2 Qa4+ 47. Kd3 Qd1+ 48. Rd2 Qf3+
49. Kc2 Qxc3+ 50. Kd1 Qc1+ 51. Ke2 Re8+ 52. Kd3 Rc3+ 53. Kd4 Re4#
{White checkmated}
0-1

[Event "ICC tourney 3320 (40 10)"]
[Site "Internet Chess Club"]
[Date "2023.11.11"]
[Round "3"]
[White "Whiteside, Oren:NotOwen"]
[Black "Bronshtein, Marc:MarcBronshtein"]
[Result "0-1"]
[ICCResult "White checkmated"]
[WhiteElo "1350"]
[BlackElo "1484"]
[Opening "French defense, Steiner variation"]
[ECO "C00"]
[NIC "FR.01"]
[Time "15:30:17"]
[PlyCount "136"]
[TimeControl "2400+10"]

1. e4 e6 2. c4 d5 3. cxd5 exd5 4. exd5 Qxd5 5. Nc3 Qd8 6. Nf3 Nf6 7. Bc4 Bd6
8. O-O O-O 9. h3 c6 10. d4 Nbd7 11. Be3 Nb6 12. Bb3 Bc7 13. Qd3 Nbd5 14.
Nxd5 Nxd5 15. Bc2 g6 16. Bh6 Nb4 17. Qc3 Nxc2 18. Qxc2 Bf5 19. Qc3 Qf6 20.
Bxf8 Kxf8 21. Qb4+ Qe7 22. Qxe7+ Kxe7 23. Rfe1+ Kf6 24. Re2 Rd8 25. Rd1 Bb6
26. a3 h5 27. Red2 g5 28. d5 cxd5 29. Rxd5 Rxd5 30. Rxd5 Ke6 31. Re5+ Kf6
32. Re8 g4 33. hxg4 hxg4 34. Nd2 Bd7 35. Rg8 Bd4 36. b3 Bf5 37. Kf1 b5 38.
Ke2 Ke5 39. Re8+ Be6 40. Kd3 Bxf2 41. Ne4 Bb6 42. Ng5 Kf5 43. Nxe6 fxe6 44.
b4 Ke5 45. Re7 Kf4 46. Rxe6 Kg3 47. Re2 Kh2 48. Ke4 Kg3 49. Kd5 Kh2 50. Kc6
g3 51. Kxb5 Bf2 52. Kc6 Kxg2 53. a4 Kf3 54. Re8 g2 55. Rg8 Bg3 56. Rf8+ Ke2
57. Re8+ Kd3 58. Rd8+ Kc2 59. Kb7 g1=Q 60. a5 Kb3 61. b5 Qe3 62. Rc8 Qe7+
63. Ka6 Kb4 64. b6 axb6 65. axb6 Qe2+ 66. Kb7 Kb5 67. Ka7 Qa2+ 68. Kb7 Qa6#
{White checkmated}
0-1

[Event "ICC tourney 3320 (40 10)"]
[Site "Internet Chess Club"]
[Date "2023.11.11"]
[Round "4"]
[White "DELABRE, TONY:tdelabre62"]
[Black "Romanyuk, Nikita:NikitaR"]
[Result "1-0"]
[ICCResult "Black checkmated"]
[WhiteElo "1340"]
[BlackElo "1083"]
[Opening "French: advance, Paulsen attack"]
[ECO "C02"]
[NIC "FR.03"]
[Time "17:45:16"]
[PlyCount "159"]
[TimeControl "2400+10"]

1. e4 e6 2. d4 d5 3. e5 c5 4. c3 Nc6 5. Nf3 c4 6. Be2 Nge7 7. a4 Nf5 8. b3
cxb3 9. Qxb3 Qb6 10. Qxb6 axb6 11. O-O Bd7 12. Bg5 h6 13. Be3 Nxe3 14. fxe3
Ne7 15. c4 Rxa4 16. Rxa4 Bxa4 17. Nc3 Bb3 18. cxd5 Nxd5 19. Bb5+ Kd8 20.
Nxd5 Bxd5 21. Nd2 Bb4 22. Nc4 Bxc4 23. Bxc4 Ke7 24. Rb1 Ba5 25. Kf2 Rc8 26.
Bd3 Rc3 27. Be4 Rc7 28. Kf3 f5 29. exf6+ Kxf6 30. h4 Rf7 31. g4 g5 32. hxg5+
hxg5 33. Ke2 Rc7 34. Rf1+ Kg7 35. Rh1 Kg8 36. Rh5 Rg7 37. d5 exd5 38. Bxd5+
Kf8 39. Kd3 Ke7 40. e4 Kd6 41. Kd4 Bd2 42. Rh6+ Kc7 43. Ke5 Bf4+ 44. Kf6 Rd7
45. Kf5 Rd6 46. Rh7+ Rd7 47. Rh3 Rd8 48. Rb3 Re8 49. Rc3+ Kb8 50. Rb3 Kc7
51. Rc3+ Kb8 52. Rh3 Re5+ 53. Kf6 Re8 54. Rh7 Ka8 55. Rxb7 Be5+ 56. Kxg5 Rh8
57. Re7+ Kb8 58. Rxe5 Rh7 59. Kg6 Ra7 60. Re8+ Kc7 61. Re7+ Kb8 62. Rxa7
Kxa7 63. Kf6 Kb8 64. g5 Kc7 65. g6 b5 66. g7 Kd6 67. g8=Q b4 68. Qe6+ Kc5
69. Qc6+ Kd4 70. Qc4+ Ke3 71. Qxb4 Kf4 72. e5+ Kg3 73. Qe4 Kh2 74. Qg6 Kh3
75. Be6+ Kh2 76. Kf5 Kh3 77. Bg8 Kh2 78. Kf4 Kh1 79. Kf3 Kh2 80. Qg2#
{Black checkmated}
1-0